AoeStats
← Tolstoyevski

Arabia

510519463Analyzed
1v1 RM · 1d ago on Oct 1, 2026· 28m 39s· 2 players
Game mode
Random Map
Map size
Tiny (2 player)
Population
200
Speed
Normal
Resources
Standard
Victory
Conquest
Starting age
Dark Age
Ending age
Imperial Age
RankedLock teamsTeams togetherTeam positionsShared explorationLock speedFull tech treeHidden civsTurbo modeCheats
Victory
Defeat
🇹🇷 Berbers · Türkiye
1160
+16
🇳🇿 Burgundians · New Zealand
1157
-16
Bongo12
6:27 Double-Bit Axe
7:50 Loom
10:01 Feudal Age
11:12 Bow Saw
14:16 Fletching
15:16 Horse Collar
17:07 Wheelbarrow
21:01 Castle Age
19:21 Heavy Plow
22:23 Bodkin Arrow
23:44 Two-Man Saw
22:44 Town Watch
23:16 Hand Cart
24:40 Elite Skirmisher
Tolstoyevski
6:19 Loom
9:03 Feudal Age
9:32 Double-Bit Axe
13:39 Fletching
13:49 Horse Collar
20:26 Castle Age
19:45 Bloodlines
19:45 Scale Barding Armor
20:44 Forging
20:31 Light Cavalry
21:29 Heavy Plow
23:02 Husbandry
25:32 Chain Barding Armor
Connection lost

Rejoining the realm…

Still unreachable

The connection could not be restored.

Session expired

The server has moved on; the page needs a fresh start.